 Dungeon Crawl Stone Soup version 0.23.2-40-g277498a (webtiles) character file.

Game seed: 16993733745215076089

183825 CrazyJ the Summoner (level 17, 0/131 HPs)
             Began as a Pale Draconian Summoner on Sept 13, 2019.
             Was a High Priest of Hepliaklqana.
             Slain by a +7 halberd of flaming (20 damage)
             ... on level 1 of the Elven Halls on Sept 14, 2019.
             The game lasted 10:40:25 (52133 turns).

CrazyJ the Summoner (Pale Draconian Summoner)      Turns: 52133, Time: 10:40:26

Health: 0/131      AC: 15    Str: 15    XL:     17   Next: 38%
Magic:  20/41      EV: 16    Int: 22    God:    Hepliaklqana [*****.]
Gold:   2877       SH:  7    Dex: 12    Spells: 1/38 levels left

rFire    + + .     SeeInvis .   S - +4 demon trident (flame)
rCold    + + .     Gourm    .   x - +1 buckler
rNeg     + + .     Faith    .   (armour unavailable)
rPois    +         Spirit   .   U - -2 hat of the Alchemist {rElec rPois rF+ rC+ rN+ MR+ rMut rCorr}
rElec    +         Reflect  .   G - scarf {rC+ rF+}
rCorr    +         Harm     .   y - +1 pair of gloves
rMut     +                      X - +2 pair of boots
MR       ++...                  J - amulet of the acrobat
Stlth    ++........             t - +3 ring of protection
HPRegen  0.31/turn              O - ring of Qole {rN+ MP+9 Str+4}
MPRegen  0.27/turn

@: flying (expiring)
A: breathe steam, unfitting armour, reduced essence, cold-blooded, AC +9
}: 1/15 runes: decaying
a: Breathe Steam, Recall Ancestor, Ancestor Identity, Transference, Idealise,
Renounce Religion


You were on level 1 of the Elven Halls.
You worshipped Hepliaklqana.
Hepliaklqana was extremely pleased with you.
You were not hungry.

You visited 8 branches of the dungeon, and saw 34 of its levels.
You also visited: Sewer, Gauntlet, Ice Cave and Volcano.

You collected 3117 gold pieces.
You spent 240 gold pieces at shops.

Inventory:

Hand Weapons
 m - a +0 blowgun
 n - a +3 trident of piercing
 L - the cursed +1 scimitar "Mud Pie of Death" {drain, rElec rF- Dex+2 SInv}
   (You took it off a tengu conjurer on level 14 of the Dungeon)

   A truly terrible weapon, it drains the life of those it strikes.
   It affects your dexterity (+2).
   It makes you vulnerable to fire.
   It insulates you from electricity.
   It lets you see invisible.
   It has a curse placed upon it.
 S - a +4 demon trident of flaming (weapon)
Missiles
 s - 12 silver javelins (quivered)
 I - 104 poisoned needles
 P - 11 curare-tipped needles
Armour
 x - a +1 buckler (worn)
 y - a +1 pair of gloves (worn)
 G - a scarf of resistance (worn)
 R - a +1 cloak
 U - the -2 hat of the Alchemist (worn) {rElec rPois rF+ rC+ rN+ MR+ rMut rCorr}
   (You found it on level 3 of the Lair of Beasts)

   It protects you from fire.
   It protects you from cold.
   It insulates you from electricity.
   It protects you from poison.
   It protects you from negative energy.
   It affects your resistance to hostile enchantments.
   It provides partial protection from all sources of acid and corrosion.
   It protects you from mutation.
 X - a +2 pair of boots (worn)
Magical Staves
 f - an uncursed staff of energy
Jewellery
 o - an uncursed ring of positive energy
 t - a +3 ring of protection (left hand)
 v - an uncursed ring of magical power
 z - an uncursed ring of protection from fire
 B - a +4 ring of evasion
 F - an uncursed ring of protection from cold
 H - an uncursed ring of poison resistance
 J - an amulet of the acrobat (around neck)
 O - the ring of Qole (right hand) {rN+ MP+9 Str+4}
   (You found it on level 6 of the Lair of Beasts)

   [ring of magical power]

   It affects your strength (+4).
   It protects you from negative energy.
   It affects your magic capacity (+9).
 Z - the ring "Cuevedanio" {Ice +Blink Str+4}
   (You took it off a minotaur in a Gauntlet)

   [ring of ice]

   It enhances your ice magic.
   It affects your strength (+4).
   It makes you vulnerable to fire.
   It protects you from cold.
   It lets you blink.
Wands
 w - a wand of disintegration (17)
 C - a wand of flame (77)
 M - a wand of random effects (16)
 N - a wand of scattershot (5)
 Q - a wand of digging (3)
Scrolls
 a - 2 scrolls of fear
 e - 11 scrolls of remove curse
 h - 8 scrolls of identify
 p - 3 scrolls of magic mapping
 r - a scroll of teleportation
 E - a scroll of brand weapon
Potions
 c - 3 potions of cancellation
 d - 2 potions of invisibility
 i - a potion of resistance
 j - 2 potions of mutation {unknown}
 k - 7 potions of brilliance
 l - 5 potions of curing
 q - 5 potions of haste
 u - 3 potions of might
 D - 3 potions of agility
 K - 2 potions of flight
Comestibles
 b - 18 rations


   Skills:
 + Level 11.9 Fighting
 + Level 10.8 Polearms
 + Level 7.6 Dodging
 - Level 1.7 Stealth
 - Level 10.0 Shields
 * Level 11.0 Spellcasting
 - Level 1.8 Conjurations
 * Level 9.5 Hexes
 - Level 2.7 Charms
 * Level 13.4 Summonings
 + Level 11.6 Ice Magic
 - Level 6.9 Air Magic
 - Level 9.0 Invocations


You had one spell level left.
You knew the following spells:

 Your Spells              Type           Power        Failure   Level  Hunger
a - Cause Fear            Hex            ######....   1%          4    #......
b - Call Imp              Summ           ######..     1%          2    None
c - Call Canine Familiar  Summ           ######..     1%          3    None
d - Summon Guardian Gole  Hex/Summ       ######..     1%          3    None
e - Summon Ice Beast      Ice/Summ       ######..     1%          4    #......
f - Confusing Touch       Hex            ######       1%          1    None
g - Summon Lightning Spi  Summ/Air       ######..     1%          4    #......
h - Ozocubu's Armour      Chrm/Ice       #####...     1%          3    None
i - Throw Frost           Conj/Ice       #####.       1%          2    None
j - Summon Butterflies    Summ           ######..     1%          1    None
k - Metabolic Englaciati  Hex/Ice        ######....   1%          5    ####...
l - Summon Mana Viper     Hex/Summ       ######..     1%          5    ####...

Your spell library contained the following spells:

 Spells                   Type           Power        Failure   Level  Hunger
 Freeze                   Ice            ####         1%          1    None
 Summon Small Mammal      Summ           ####         1%          1    None
 Flame Tongue             Conj/Fire      ###..        3%          1    None
 Animate Skeleton         Necr           N/A          5%          1    None
 Apportation              Tloc           ##....       5%          1    None
 Pain                     Necr           ##..         5%          1    None
 Confuse                  Hex            ######..     1%          3    None
 Tukima's Dance           Hex            ######..     1%          3    None
 Throw Icicle             Conj/Ice       #####...     3%          4    #......
 Ice Form                 Ice/Tmut       #####...     4%          4    #......
 Ozocubu's Refrigeration  Ice            ######....   7%          6    ######.
 Leda's Liquefaction      Hex/Erth       ####......   8%          4    #......
 Corpse Rot               Necr           N/A          9%          2    None
 Sublimation of Blood     Necr           ##........   9%          2    None
 Regeneration             Chrm/Necr      ###.......   10%         3    None
 Summon Forest            Summ/Tloc      #####.....   10%         5    ####...
 Stone Arrow              Conj/Erth      ###...       11%         3    None
 Gell's Gravitas          Tloc           ##........   16%         3    None
 Lesser Beckoning         Tloc           ##........   16%         3    None
 Vampiric Draining        Necr           ##........   16%         3    None
 Invisibility             Hex            ######..     17%         6    ######.
 Summon Hydra             Summ           ######....   19%         7    #######
 Yara's Violent Unravell  Hex/Tmut       ####......   22%         5    ####...
 Bolt of Cold             Conj/Ice       #####.....   45%         6    ######.
 Freezing Cloud           Conj/Ice/Air   #####.....   45%         6    ######.
 Animate Dead             Necr           N/A          47%         4    #......
 Petrify                  Tmut/Erth      ##......     47%         4    #......
 Simulacrum               Ice/Necr       #####.....   58%         6    ######.
 Excruciating Wounds      Chrm/Necr      ###.......   65%         5    ####...
 Bolt of Draining         Conj/Necr      ###.......   71%         5    ####...
 Agony                    Necr           ##......     83%         5    ####...
 Alistair's Intoxication  Tmut/Pois      ##......     83%         5    ####...
 Dispel Undead            Necr           ##......     83%         5    ####...
 Bolt of Fire             Conj/Fire      ###.......   99%         6    ######.
 Hydra Form               Tmut           ##........   100%        6    ######.
 Dragon Form              Tmut           ##........   100%        7    #######
 Dragon's Call            Summ           ######....   100%        9    #######


Dungeon Overview and Level Annotations

Branches:
Dungeon (15/15)            Temple (1/1) D:7            Lair (6/6) D:9
  Swamp (4/4) Lair:3        Snake (4/4) Lair:2        Slime (0/5) Lair:6
    Orc (2/2) D:11            Elf (1/3) Orc:2        Vaults (1/5) D:13
 Depths: D:15

Altars:
Ashenzari
Cheibriados
Dithmenos
Elyvilon
Fedhas
Gozag
Hepliaklqana
Kikubaaqudgha
Makhleb
Okawaru
Qazlal
Ru
Sif Muna
Trog
Uskayaw
Vehumet
Wu Jian
Xom
Yredelemnul
Zin
The Shining One
Beogh

Shops:
D:13 *   Orc:2 }(=[

Annotations:
D:4 Menkaure
D:5 1 runed translucent door, paraphrased's ghost, amateur GrGl
Snake:2 3 runed translucent doors, Liutur's ghost, journeyman GnWn
Snake:3 exclusion: Roxanne, Roxanne
Vaults:1 Agnes; Rupert


Innate Abilities, Weirdness & Mutations

You can breathe blasts of scalding, opaque steam.
Your pale cyan-grey scales are hard. (AC +9)
You cannot fit into any form of body armour.
You are cold-blooded and may be slowed by cold attacks.
Your life essence is reduced to manifest your ancestor. (-10% HP)


Message History

The +7 halberd of flaming hits your ice beast!
The +7 halberd of flaming melts your ice beast.
A vortex of raging winds appears around the air elemental!
Your ice beast hits the +7 halberd of flaming but does no damage.
Found a stone staircase leading down.
Okay, then.
You eat one of the 19 rations.
That ration really hit the spot!
The +7 halberd of flaming hits your ice beast!!
The +7 halberd of flaming melts your ice beast.
Your ice beast barely misses the +7 halberd of flaming.
Casting: Summon Mana Viper (safe; 1% risk of failure)
Confirm with . or Enter, or press ? or * to list all spells.
A mana viper appears with a sibilant hiss.
The vortex of raging winds lifts you up.
You fly up into the air.
* * * LOW HITPOINT WARNING * * *
Your ice beast dies!
You block the air elemental's attack.
The +7 halberd of flaming hits you from afar!!
You die...

...
#.#
#=# >.
#.#
#§.
#.#
#.#
#<#
#.#
#(##.#
#§#§#
#@E#
#S##
#.S#
#.#.#
#.#.#
# #.#
#.#
#.#
#.#


You could see an air elemental, a +7 halberd of flaming and 2 friendly mana
vipers.

Vanquished Creatures
  A thorn hunter (Swamp:1)
  An orc warlord (D:15)
  Louise (Snake:1)
  An ironheart preserver (D:13)
  A fire dragon (D:15)
  A slime creature (Vaults:1)
  3 hydras
  A naga warrior (Snake:2)
  3 centaur warriors
  A tengu warrior (D:14)
  2 shock serpents
  A naga sharpshooter (Snake:4)
  2 orc high priests
  3 skeletal warriors
  A salamander mystic (Snake:3)
  A swamp dragon (Swamp:4)
  A spriggan druid (Swamp:4)
  2 lindwurms
  An orc knight (D:15)
  2 manticores (D:15)
  A cyclops (D:15)
  A guardian serpent (Snake:1)
  A salamander (Snake:3)
  2 naga magi
  12 black mambas
  7 spiny frogs
  A komodo dragon (Lair:2)
  A yaktaur (Vaults:1)
  A troll (D:13)
  2 hornets
  A hornet (shapeshifter) (D:14)
  4 tyrant leeches
  3 bog bodies
  5 hippogriffs
  3 blink frogs
  A shadow (Swamp:2)
  2 wyverns
  A wraith (D:11)
  2 basilisks
  4 yaks
  2 hungry ghosts
  A vampire mosquito (Swamp:2)
  4 swamp worms
  4 nagas
  2 wargs
  2 sky beasts
  4 porcupines
  5 orc warriors
  An ice beast (D:15)
  5 ogres
  8 wolves
  5 crocodiles
  4 centaurs
  A knight (D:15)
  11 bullfrogs
  Blork the orc (D:6)
  Dowan (D:5)
  3 killer bees
  2 howler monkeys
  3 electric eels (D:10)
  4 crimson imps
  A bullfrog zombie (D:13)
  A jelly (D:12)
  3 centaur zombies
  2 hounds
  9 orc priests
  3 centaur skeletons
  2 iguanas
  5 orc wizards
  8 worker ants
  A hound zombie (D:10)
  2 worker ant zombies
  2 gnolls
  4 adders
  A shadow imp (D:13)
  2 white imps (Gauntlet)
  2 oozes
  2 adder zombies
  A worm (D:3)
  2 dart slugs
  7 leopard geckos
  37 orcs
  11 giant cockroaches
  5 goblins
  6 hobgoblins
  4 jackals
  A quokka (D:12)
  5 ball pythons
  6 bats
  5 frilled lizards
  12 kobolds
  A quokka zombie (D:9)
  9 rats
320 creatures vanquished.

Vanquished Creatures (collateral kills)
  Mara (Snake:3)
  Nikola (Snake:3)
  Jorgrun (Snake:1)
  Kirke (Swamp:1)
  5 thorn hunters
  4 nagarajas
  Donald (Snake:3)
  A vault warden (Vaults:1)
  An ironheart preserver (Vaults:1)
  2 stone giants (Orc:2)
  A minotaur (Gauntlet)
  An ogre mage (D:15)
  2 fire dragons
  23 hydras
  11 naga warriors
  A ghost crab (Swamp:3)
  2 ice dragons (D:15)
  2 shambling mangroves (Swamp:3)
  5 centaur warriors
  3 anacondas
  5 two-headed ogres
  10 death yaks
  2 tengu warriors
  A deep troll shaman (Vaults:1)
  6 alligators
  8 naga sharpshooters
  Sonja (Lair:4)
  4 shock serpents
  A hell knight (D:15)
  4 orc high priests (Orc:2)
  7 skeletal warriors
  A flayed ghost (D:15)
  3 salamander mystics
  A spriggan druid (Swamp:2)
  6 swamp dragons
  3 unseen horrors
  A wizard (D:15)
  7 naga ritualists
  Pikel (D:5)
  A phantasmal warrior (D:15)
  A deep troll (Vaults:1)
  An ironbrand convoker (Vaults:1)
  5 lindwurms
  4 orc knights
  8 mana vipers
  A wolf spider (D:15)
  2 deep elf magi
  3 ugly things
  4 cyclopes (D:15)
  9 salamanders
  18 black mambas
  11 naga magi
  A vault sentinel (Vaults:1)
  Joseph (D:9)
  A centaur zombie (D:12)
  Maurice (Orc:1)
  A gargoyle (D:15)
  A guardian serpent (Snake:3)
  A smoke demon (Gauntlet)
  4 centaur skeletons
  17 spiny frogs
  4 komodo dragons
  An efreet (D:15)
  7 yaktaurs
  A freezing wraith (D:14)
  A tengu conjurer (D:14)
  A meliai (D:15)
  6 tyrant leeches
  10 polar bears (IceCv)
  7 hornets
  6 trolls
  A blink frog (shapeshifter) (D:15)
  13 blink frogs
  2 hippogriffs
  8 slime creatures
  2 bog bodies (Swamp:2)
  A spriggan (Swamp:4)
  2 shadows
  2 wyverns
  A wyvern (shapeshifter) (D:15)
  6 fire bats
  A hog (Swamp:1)
  A vampire (D:9)
  2 basilisks
  41 yaks
  3 steam dragons
  3 hungry ghosts
  19 vampire mosquitoes
  2 wargs
  26 nagas
  5 acid dragons
  10 water moccasins
  11 swamp worms
  A hell hound (Volcano)
  6 swamp drakes
  A floating eye (shapeshifter) (D:15)
  Duvessa (D:6)
  4 porcupines
  30 orc warriors
  4 ice beasts
  A necrophage (D:13)
  3 sky beasts
  2 black bears
  3 eyes of draining
  A slave (D:5)
  18 wolves
  7 ogres
  10 centaurs
  5 crocodiles
  2 big kobolds
  18 bullfrogs
  A wyvern skeleton (D:11)
  2 water moccasin skeletons
  4 killer bees
  An electric eel (Lair:6)
  4 crimson imps
  21 orc priests
  3 jellies (Lair:6)
  A bullfrog zombie (D:13)
  A quasit (D:12)
  2 bullfrog skeletons (D:10)
  A hound (D:13)
  3 iguanas
  A knight (D:9)
  14 orc wizards
  5 worker ants
  2 worker ant zombies
  5 gnolls
  7 adders
  A shadow imp (D:15)
  A white imp (Gauntlet)
  A worm (D:3)
  A dart slug (D:2)
  5 leopard geckos
  52 orcs
  3 bats
  5 giant cockroaches
  4 jackals
  2 quokkas
  2 ball pythons
  3 frilled lizards
  2 goblins (D:2)
  A jackal zombie (D:6)
  10 kobolds
  4 briar patches
  A butterfly (D:2)
  9 fungi
  A plant (Lair:5)
746 creatures vanquished.

Vanquished Creatures (others)
  A thorn hunter (Swamp:4)
  A nagaraja (Snake:2)
  A hydra (Swamp:4)
  3 death yaks (D:9)
  An ogre mage (D:15)
  An ice statue (IceCv)
  A spiny frog (Lair:1)
  An ice devil (Gauntlet)
  A polar bear (IceCv)
  2 yaks (IceCv)
  2 humans (Swamp:1)
  A swamp drake (Swamp:4)
  An orc warrior (D:7)
  A phantom (D:8)
  An eye of draining (D:11)
  A wolf (IceCv)
  An ogre (D:5)
  A wight (D:8)
  A worker ant (D:11)
  43 knights
  4 ancestors
  3 hobgoblins (D:5)
  2 kobolds (D:5)
  4 briar patches
  8 fungi
  26 plants
  11 withered plants (Gauntlet)
124 creatures vanquished.

Grand Total: 1190 creatures vanquished

Notes
Turn   | Place    | Note
-------+----------+-------------------------------------------
     0 | D:1      | CrazyJ the Draconian Summoner began the quest for the Orb.
     0 | D:1      | Reached XP level 1. HP: 14/14 MP: 3/3
   348 | D:1      | Reached XP level 2. HP: 22/22 MP: 5/5
   574 | D:1      | Reached skill level 1 in Fighting
   702 | D:1      | Reached XP level 3. HP: 14/28 MP: 6/6
   706 | D:1      | Learned a level 2 spell: Call Imp
   710 | D:1      | Learned a level 3 spell: Call Canine Familiar
  1300 | D:2      | Found a shimmering altar of Xom.
  2148 | D:3      | Reached XP level 4. HP: 23/35 MP: 1/7
  2440 | D:3      | Noticed a hippogriff
  2459 | D:3      | Killed a hippogriff
  2459 | D:3      | Reached skill level 5 in Summonings
  2459 | D:3      | Reached XP level 5. HP: 11/41 MP: 1/9
  2560 | D:3      | Found a glowing drain.
  2599 | Sewer    | Entered a sewer
  3103 | Sewer    | Learned a level 3 spell: Summon Guardian Golem
  3248 | Sewer    | Reached XP level 6. HP: 40/50 MP: 7/10
  4030 | D:3      | Found a blossoming altar of Fedhas.
  5043 | D:4      | Noticed Menkaure
  5068 | D:5      | Entered Level 5 of the Dungeon
  5083 | D:5      | Reached skill level 1 in Hexes
  5234 | D:5      | Reached skill level 1 in Polearms
  5234 | D:5      | Reached skill level 6 in Summonings
  5234 | D:5      | Your scales start taking on a pale cyan-grey colour.
  5234 | D:5      | Reached XP level 7. HP: 51/57 MP: 12/12
  5328 | D:5      | Noticed Dowan
  5332 | D:5      | Noticed Duvessa
  5335 | D:5      | Killed Dowan
  5335 | D:5      | Reached skill level 1 in Shields
  5458 | D:6      | Noticed Blork the orc
  5476 | D:6      | Killed Blork the orc
  5633 | D:6      | Learned a level 4 spell: Summon Ice Beast
  5801 | D:6      | Found a hazy altar of Hepliaklqana.
  5806 | D:6      | Became a worshipper of Hepliaklqana the Forgotten
  6117 | D:6      | Found an ancient bone altar of Kikubaaqudgha.
  6162 | D:6      | Killed Duvessa
  6264 | D:5      | Noticed Pikel
  6288 | D:5      | Killed Pikel
  6288 | D:5      | Reached skill level 7 in Summonings
  6288 | D:5      | Reached XP level 8. HP: 48/59 MP: 12/14
  6314 | D:5      | Found a runed translucent door.
  6316 | D:5      | Noticed paraphrased's ghost (amateur GrGl)
  6316 | D:5      | Noticed a cyclops
  6343 | D:5      | Learned a level 1 spell: Confusing Touch
  6738 | D:5      | You fall through a shaft!
  7782 | D:7      | Reached * piety under Hepliaklqana
  7805 | D:7      | Reached skill level 1 in Ice Magic
  8441 | D:6      | Found an iron altar of Okawaru.
  8441 | D:6      | Found a radiant altar of Vehumet.
  8666 | D:7      | Found a staircase to the Ecumenical Temple.
  8673 | D:7      | Reached XP level 9. HP: 58/65 MP: 8/15
  8687 | Temple   | Entered the Ecumenical Temple
  9569 | D:8      | Reached skill level 5 in Fighting
  9569 | D:8      | Reached skill level 8 in Summonings
  9773 | D:8      | Found a sacrificial altar of Ru.
  9850 | D:8      | Reached ** piety under Hepliaklqana
  9851 | D:8      | Remembered your ancestor Nolwazi as a knight
 10753 | D:9      | Noticed Joseph
 10783 | D:9      | Killed Joseph
 10783 | D:9      | Reached skill level 5 in Spellcasting
 11072 | D:9      | Learned a level 4 spell: Summon Lightning Spire
 11292 | D:9      | Noticed a death yak
 11294 | D:9      | Noticed a death yak
 11298 | D:9      | Noticed a death yak
 11307 | D:9      | Killed a death yak
 11320 | D:10     | Entered Level 10 of the Dungeon
 11356 | D:10     | Reached XP level 10. HP: 38/74 MP: 6/17
 11721 | D:10     | Noticed a two-headed ogre
 11750 | D:10     | Reached skill level 9 in Summonings
 11817 | D:10     | Killed a two-headed ogre
 11817 | D:10     | Reached skill level 1 in Air Magic
 12430 | D:10     | Killed an unseen horror
 12852 | D:11     | Found an ancient bone altar of Kikubaaqudgha.
 13012 | D:11     | Noticed a cyan ugly thing
 13027 | D:11     | Noticed a deep elf mage
 13028 | D:11     | Killed a cyan ugly thing
 13028 | D:11     | Reached skill level 5 in Polearms
 13072 | D:11     | Killed a deep elf mage
 13397 | D:11     | Noticed a brown ugly thing
 13398 | D:11     | Reached skill level 5 in Shields
 13406 | D:11     | Killed a brown ugly thing
 13418 | D:11     | Noticed a skeletal warrior
 13420 | D:11     | Noticed a skeletal warrior
 13430 | D:11     | Noticed a skeletal warrior
 13431 | D:11     | Noticed a skeletal warrior
 13434 | D:11     | Killed a skeletal warrior
 13818 | D:9      | Noticed a death yak
 13819 | D:9      | Noticed a death yak
 13829 | D:9      | Killed a death yak
 13856 | D:9      | Killed a death yak
 13856 | D:9      | Reached skill level 10 in Summonings
 13856 | D:9      | Reached XP level 11. HP: 51/81 MP: 14/20
 13858 | D:9      | Killed a death yak
 13870 | D:9      | Killed a death yak
 13907 | D:9      | Found a staircase to the Lair.
 13986 | Lair:1   | Entered Level 1 of the Lair of Beasts
 14550 | Lair:2   | Reached *** piety under Hepliaklqana
 14582 | Lair:2   | Reached skill level 5 in Ice Magic
 14590 | Lair:2   | Learned a level 3 spell: Ozocubu's Armour
 14630 | Lair:2   | Found a staircase to the Snake Pit.
 14704 | Lair:2   | Found a frozen archway.
 14734 | IceCv    | Entered an ice cave
 15105 | IceCv    | Reached skill level 1 in Charms
 15619 | IceCv    | Reached skill level 1 in Invocations
 15697 | IceCv    | Reached skill level 5 in Air Magic
 15697 | IceCv    | Reached XP level 12. HP: 64/90 MP: 3/22
 16136 | IceCv    | Learned a level 2 spell: Throw Frost
 16354 | Lair:2   | Learned a level 1 spell: Summon Butterflies
 16711 | Lair:2   | Identified a scroll of acquirement
 17909 | Lair:3   | Reached **** piety under Hepliaklqana
 17998 | Lair:3   | Found the -2 hat of the Alchemist {rElec rPois rF+ rC+ rN+
                  | MR+ rMut rCorr}
 18477 | Lair:3   | Found a staircase to the Swamp.
 18734 | Lair:4   | Noticed a five-headed hydra
 18744 | Lair:4   | Killed a five-headed hydra
 18933 | Lair:5   | Noticed a death yak
 18935 | Lair:5   | Noticed a death yak
 18936 | Lair:5   | Noticed a death yak
 18938 | Lair:5   | Noticed a death yak
 18941 | Lair:5   | Noticed a death yak
 18962 | Lair:5   | Killed a death yak
 18964 | Lair:5   | Killed a death yak
 19252 | Lair:3   | Killed a death yak
 19252 | Lair:3   | Reached skill level 11 in Summonings
 19492 | Lair:5   | Killed a death yak
 19516 | Lair:5   | Found a basalt altar of Yredelemnul.
 19744 | Lair:5   | Noticed a five-headed hydra
 19754 | Lair:5   | Killed a five-headed hydra
 19899 | Lair:5   | Noticed a five-headed hydra
 19910 | Lair:5   | Killed a five-headed hydra
 20785 | Lair:6   | Entered Level 6 of the Lair of Beasts
 20944 | Lair:6   | Reached ***** piety under Hepliaklqana
 20963 | Lair:6   | Found a staircase to the Slime Pits.
 21031 | Lair:6   | Found a dark tunnel.
 21053 | Volcano  | Entered a volcano
 21120 | Volcano  | Reached XP level 13. HP: 50/99 MP: 9/24
 21466 | Lair:6   | Reached skill level 5 in Hexes
 23904 | Lair:6   | Got a flickering wooden ring
 23908 | Lair:6   | Identified the ring of Qole {rN+ MP+9 Str+4} (You found it
                  | on level 6 of the Lair of Beasts)
 24562 | Lair:1   | Reached skill level 1 in Conjurations
 25421 | D:11     | Found a staircase to the Orcish Mines.
 25489 | D:11     | Reached skill level 5 in Invocations
 25784 | Orc:1    | Entered Level 1 of the Orcish Mines
 25958 | Orc:1    | Found a roughly hewn altar of Beogh.
 26011 | Orc:2    | Entered Level 2 of the Orcish Mines
 26011 | Orc:2    | Found a staircase to the Elven Halls.
 26011 | Orc:2    | Noticed a stone giant
 26032 | Orc:2    | Killed a stone giant
 26484 | Orc:2    | Noticed a stone giant
 26503 | Orc:2    | Killed a stone giant
 26917 | Orc:1    | Noticed Maurice
 26924 | Orc:1    | Killed Maurice
 28232 | Orc:2    | Reached XP level 14. HP: 83/106 MP: 21/26
 28394 | Orc:2    | Found Tahenies's Gadget Shop.
 28394 | Orc:2    | Found Weilety's Armour Shop.
 28395 | Orc:2    | Found Dijy's Weapon Shop.
 28395 | Orc:2    | Found Gezat's Jewellery Boutique.
 28409 | Orc:2    | Bought an uncursed ring of poison resistance for 240 gold
                  | pieces
 28682 | Swamp:1  | Entered Level 1 of the Swamp
 28827 | Swamp:1  | Learned a level 5 spell: Metabolic Englaciation
 29078 | Lair:4   | Reached ****** piety under Hepliaklqana
 29400 | Lair:4   | Noticed Sonja
 29413 | Lair:4   | Killed Sonja
 29643 | Swamp:1  | Noticed a thorn hunter
 29677 | Swamp:1  | Killed a thorn hunter
 29902 | Swamp:1  | Noticed Kirke
 29909 | Swamp:1  | Killed Kirke
 29998 | Swamp:1  | Noticed a thorn hunter
 30011 | Swamp:1  | Killed a thorn hunter
 31539 | D:12     | Reached skill level 10 in Fighting
 32307 | D:13     | Found Ciokeuh's Assorted Antiques.
 32328 | D:13     | Found a gate leading to a gauntlet.
 32352 | Gauntlet | Entered a Gauntlet
 32352 | Gauntlet | Found a transporter.
 32352 | Gauntlet | Found a transporter.
 32353 | Gauntlet | Found a transporter.
 32356 | Gauntlet | Found a transporter.
 32378 | Gauntlet | Found a transporter.
 32409 | Gauntlet | Found a transporter.
 32419 | Gauntlet | Found a transporter.
 32430 | Gauntlet | Found a transporter.
 32446 | Gauntlet | Found a transporter.
 32452 | Gauntlet | Found a transporter.
 32579 | Gauntlet | Found a transporter.
 32582 | Gauntlet | Found the +9 heavy crossbow "Sniper" {velocity, Acc+∞ SInv}
 32646 | Gauntlet | Found a transporter.
 32916 | Gauntlet | Identified the ring "Cuevedanio" {Ice +Blink Str+4}
 33246 | D:13     | Found a gate to the Vaults.
 33246 | D:13     | Noticed an ironheart preserver
 33270 | D:13     | Killed an ironheart preserver
 33270 | D:13     | Reached skill level 5 in Dodging
 34190 | D:13     | Got a faintly glowing long sword
 34799 | D:14     | Identified the cursed +1 scimitar "Mud Pie of Death"
                  | {drain, rElec rF- Dex+2 SInv}
 35176 | D:14     | Identified the +8 long sword of Pandemonium {drain, rPois
                  | rC- Int+5 Dex+9} (You found it on level 13 of the Dungeon)
 36096 | D:15     | Entered Level 15 of the Dungeon
 36112 | D:15     | Reached XP level 15. HP: 91/114 MP: 20/28
 36333 | D:15     | Found a glowing golden altar of the Shining One.
 36333 | D:15     | Found a hide-covered altar of Uskayaw.
 36334 | D:15     | Found an ornate altar of the Wu Jian Council.
 36718 | D:15     | Paralysed by a floating eye for 3 turns
 36860 | D:15     | Reached skill level 10 in Ice Magic
 37940 | D:15     | Identified the ring "Oqioc" {*Corrode rN+++ Str+4 Int-2
                  | Dex+3}
 37943 | D:15     | Noticed an orc warlord
 37970 | D:15     | Killed an orc warlord
 38437 | Swamp:1  | Got a smoking glaive
 38438 | Swamp:1  | Identified the +2 glaive "Reshiu" {elec, +Rage rElec rC+
                  | MR-} (You found it on level 1 of the Swamp)
 38603 | Swamp:2  | Reached skill level 12 in Summonings
 38745 | Swamp:2  | Learned a level 4 spell: Cause Fear
 38955 | Swamp:2  | Noticed a thorn hunter
 38969 | Swamp:2  | Killed a thorn hunter
 40731 | Swamp:3  | Noticed a thorn hunter
 40742 | Swamp:3  | Killed a thorn hunter
 41368 | Swamp:4  | Entered Level 4 of the Swamp
 41371 | Swamp:4  | Noticed a thorn hunter
 41514 | Swamp:4  | Noticed a thorn hunter
 41525 | Swamp:4  | Killed a thorn hunter
 41971 | Swamp:4  | Reached XP level 16. HP: 59/123 MP: 21/29
 42188 | Swamp:4  | Noticed a thorn hunter
 42201 | Swamp:4  | Killed a thorn hunter
 42634 | Swamp:3  | Killed a thorn hunter
 42674 | Swamp:3  | Reached skill level 10 in Polearms
 43640 | Swamp:4  | Got a decaying rune of Zot
 43798 | Snake:1  | Entered Level 1 of the Snake Pit
 43885 | Snake:1  | Reached skill level 10 in Shields
 44898 | Snake:1  | Reached skill level 10 in Spellcasting
 44950 | Snake:1  | Noticed Jorgrun
 44964 | Snake:1  | Killed Jorgrun
 45200 | Snake:1  | Noticed Louise
 45252 | Snake:1  | Killed Louise
 46255 | Snake:2  | Found a glowing golden altar of the Shining One.
 47499 | Snake:2  | Noticed Liutur's ghost (journeyman GnWn)
 47501 | Snake:2  | Found a runed translucent gate.
 47501 | Snake:2  | Found a runed translucent gate.
 47501 | Snake:2  | Found a runed translucent gate.
 48379 | Snake:3  | Noticed Mara
 48396 | Snake:3  | Noticed CrazyJ's illusion
 48400 | Snake:3  | Killed Mara
 48400 | Snake:3  | Reached skill level 13 in Summonings
 48845 | Snake:3  | Noticed Donald
 48852 | Snake:3  | Killed Donald
 48852 | Snake:3  | Reached XP level 17. HP: 105/131 MP: 4/31
 48859 | Snake:3  | Learned a level 5 spell: Summon Mana Viper
 50252 | Snake:3  | Noticed Nikola
 50269 | Snake:3  | Noticed Roxanne
 50273 | Snake:3  | Killed Nikola
 50332 | Snake:3  | Found a radiant altar of Vehumet.
 50957 | Vaults:1 | Entered Level 1 of the Vaults
 51298 | Vaults:1 | Noticed Rupert
 51300 | Vaults:1 | Noticed Agnes
 51743 | Snake:4  | Entered Level 4 of the Snake Pit
 52105 | Elf:1    | Entered Level 1 of the Elven Halls
 52133 | Elf:1    | Slain by a +7 halberd of flaming

Skill      XL: |  1  2  3  4  5  6  7  8  9 10 11 12 13 14 15 16 17 |
---------------+----------------------------------------------------+-----
Dodging        | 2 3 4 5 6 7 |  7.6
Fighting       | 1 2 3 4 5 6 7 8 9 10 11 | 11.9
Spellcasting   | 3 4 5 6 7 8 9 10 11 | 11.0
Summonings     | 5 6 7 8 10 11 12 13 | 13.4
Hexes          | 1 2 3 4 5 6 8 9 |  9.5
Polearms       | 1 2 3 4 5 6 7 8 9 10 | 10.8
Shields        | 2 3 4 5 6 7 8 9 10 | 10.0
Ice Magic      | 1 3 4 5 6 8 9 10 11 | 11.6
Air Magic      | 3 5 6 |  6.9
Charms         | 2 |  2.7
Invocations    | 1 4 5 6 8 9 |  9.0
Conjurations   | 1 |  1.8
Stealth        | |  1.7

Action                   |  1- 3 |  4- 6 |  7- 9 | 10-12 | 13-15 | 16-18 || total
-------------------------+-------+-------+-------+-------+-------+-------++-------
Melee: Short sword       |   178 |   127 |       |       |       |       ||   305
       Tailslap          |    19 |    16 |    32 |    39 |    90 |    23 ||   219
       Trident           |       |    78 |   288 |   485 |  1046 |   323 ||  2220
       Demon trident     |       |       |       |       |       |    39 ||    39
 Cast: Summon Small Mamm |     2 |       |       |       |     1 |       ||     3
       Call Canine Famil |     5 |    22 |    28 |    24 |    60 |    16 ||   155
       Call Imp          |     1 |     3 |       |       |     3 |       ||     7
       Summon Guardian G |       |       |    24 |    59 |   104 |    28 ||   215
       Confusing Touch   |       |       |     4 |     4 |    41 |    22 ||    71
       Summon Ice Beast  |       |       |     2 |    36 |   181 |   145 ||   364
       Summon Lightning  |       |       |       |    23 |   139 |    63 ||   225
       Ozocubu's Armour  |       |       |       |     8 |    39 |     7 ||    54
       Throw Frost       |       |       |       |     3 |     8 |     5 ||    16
       Metabolic Englaci |       |       |       |       |    16 |    25 ||    41
       Summon Butterflie |       |       |       |       |     7 |    10 ||    17
       Cause Fear        |       |       |       |       |     3 |    16 ||    19
       Summon Mana Viper |       |       |       |       |       |    24 ||    24
Invok: Ancestor Identity |       |       |     1 |       |       |       ||     1
       Recall Ancestor   |       |       |     3 |     3 |    10 |     8 ||    24
       Ancestor Life: Kn |       |       |     1 |       |       |       ||     1
       Idealise          |       |       |       |       |     5 |     2 ||     7
       Transference      |       |       |       |       |     1 |       ||     1
 Abil: Breathe Steam     |       |       |     4 |     2 |     4 |     5 ||    15
  Use: Scroll            |       |     1 |     2 |    21 |    24 |     9 ||    57
       Potion            |       |       |     5 |     3 |     4 |    13 ||    25
 Stab: Distracted        |       |     1 |     4 |     9 |    24 |    11 ||    49
       Sleeping          |       |     1 |     1 |     1 |     1 |       ||     4
       Confused          |       |       |     1 |       |     7 |     4 ||    12
       Invisible         |       |       |       |       |       |     2 ||     2
  Eat: Chunk             |     4 |    10 |    13 |    21 |    48 |    10 ||   106
       Ration            |       |     1 |     3 |     6 |    13 |    11 ||    34
Armor: Skin              |    92 |    79 |    73 |   232 |   327 |    89 ||   892
Dodge: Dodged            |   157 |   216 |   187 |   272 |   599 |   283 ||  1714
Block: Buckler           |       |     6 |    64 |    80 |   244 |   138 ||   532
